[ AOE2 MATCH · #504691587 ]
UnrankedHuns vs Mapuche
Player's team · WIN
Rival team · LOSS
[ REPLAY ANALYSIS · EXTRACTED FROM THE RECORDED GAME ]
Feudal
9:16
Castle
30:02
Imperial
48:38
| APM avg | 66.5 |
| APM peak | 120 |
| eAPM avg | 32.2 |
| Villagers / military | 169 / 297 |
Focus
⚔️ 53.5% · 🌾 46.5%
Cavalry Archer ×136 · Skirmisher ×73 · Tarkan ×49 · Scout Cavalry ×14 · Trebuchet (Packed) ×9 · Mangonel ×8
Feudal
10:31
Castle
14:57
Imperial
53:26
| APM avg | 72.5 |
| APM peak | 124 |
| eAPM avg | 44.3 |
| Villagers / military | 241 / 193 |
Focus
⚔️ 62.1% · 🌾 37.9%
Bolas Rider ×159 · Kona ×11 · Skirmisher ×8 · Spearman ×5 · Mangonel ×4 · Battering Ram ×4
Match map
Initial resources + every placement click. Lines = walls · curves = elevation contours. ◆ gold · ⬟ stone · ● berries · ✦ relic · ◌ wall gap
Your base· Open — unwalled flank
Oni.JorDan_AoE's base· Open — unwalled flank
Smoothed initial terrain · ◌ = detected wall gap · hover for details
Inputs per minute
— CNZS_Still in Love - - Oni.JorDan_AoE
Build order — CNZS_Still in Love
First 150 of 617 actions detected
| 0:00 | Create | Villager (Male) ×4 |
| 0:01 | Create | Villager (Male) ×4 |
| 1:25 | Create | Villager (Male) |
| 1:50 | Build | Lumber Camp |
| 1:51 | Create | Villager (Male) |
| 1:51 | Create | Villager (Male) |
| 2:18 | Create | Villager (Male) |
| 2:46 | Create | Villager (Male) |
| 3:04 | Create | Villager (Male) |
| 3:36 | Create | Villager (Male) |
| 3:36 | Create | Villager (Male) |
| 3:57 | Create | Villager (Male) |
| 4:24 | Create | Villager (Male) |
| 4:44 | Build | Mill |
| 4:46 | Create | Villager (Male) |
| 4:55 | Create | Villager (Male) |
| 5:04 | Create | Villager (Male) |
| 6:28 | Create | Villager (Male) |
| 7:01 | Research | Feudal Age |
| 7:37 | Build | Barracks |
| 7:41 | Create | Villager (Male) |
| 7:47 | Research | Loom |
| 8:16 | Build | Palisade Wall |
| 8:18 | Build | Palisade Wall |
| 8:31 | Build | Palisade Wall |
| 8:34 | Build | Palisade Wall |
| 8:47 | Build | Palisade Wall |
| 8:48 | Build | Palisade Wall |
| 9:03 | Build | Palisade Wall |
| 9:04 | Build | Palisade Wall |
| 9:06 | Build | Palisade Wall |
| 9:16 | Age | Feudal Age |
| 9:18 | Build | Watch Tower |
| 9:22 | Research | Double-Bit Axe |
| 9:27 | Build | Stable |
| 9:30 | Create | Villager (Male) |
| 9:45 | Create | Villager (Male) |
| 9:57 | Build | Lumber Camp |
| 10:07 | Create | Villager (Male) |
| 10:23 | Create | Scout Cavalry |
| 10:24 | Create | Scout Cavalry |
| 10:31 | Create | Villager (Male) |
| 10:36 | Build | Mill |
| 10:42 | Build | Farm |
| 10:45 | Create | Scout Cavalry |
| 10:57 | Create | Villager (Male) |
| 10:58 | Create | Scout Cavalry |
| 11:20 | Build | Archery Range |
| 11:24 | Create | Villager (Male) |
| 11:26 | Build | Farm |
| 11:38 | Create | Villager (Male) |
| 11:40 | Build | Farm |
| 11:57 | Build | Mining Camp |
| 12:07 | Build | Farm |
| 12:10 | Create | Villager (Male) |
| 12:25 | Create | Skirmisher |
| 12:25 | Create | Skirmisher |
| 12:42 | Build | Farm |
| 12:42 | Create | Villager (Male) |
| 12:42 | Create | Villager (Male) |
| 13:04 | Create | Villager (Male) |
| 13:17 | Create | Villager (Male) |
| 13:27 | Build | Watch Tower |
| 13:37 | Create | Skirmisher |
| 13:42 | Create | Villager (Male) |
| 13:46 | Build | Blacksmith |
| 13:56 | Build | Palisade Wall |
| 13:57 | Build | Palisade Wall |
| 13:59 | Build | Palisade Wall |
| 14:00 | Build | Palisade Wall |
| 14:02 | Build | Palisade Wall |
| 14:13 | Create | Villager (Male) |
| 14:37 | Create | Villager (Male) |
| 14:39 | Build | Farm |
| 14:39 | Build | Farm |
| 14:49 | Create | Skirmisher |
| 14:50 | Create | Skirmisher |
| 15:04 | Build | Watch Tower |
| 15:06 | Create | Skirmisher |
| 15:12 | Create | Scout Cavalry |
| 15:12 | Create | Scout Cavalry |
| 15:34 | Create | Villager (Male) |
| 15:36 | Build | Farm |
| 15:36 | Build | Farm |
| 15:42 | Create | Skirmisher |
| 15:43 | Research | Fletching |
| 15:44 | Research | Fletching |
| 15:46 | Create | Skirmisher |
| 15:53 | Create | Skirmisher |
| 15:56 | Create | Villager (Male) |
| 16:14 | Create | Skirmisher |
| 16:25 | Create | Villager (Male) |
| 16:33 | Create | Skirmisher |
| 16:42 | Create | Skirmisher |
| 16:52 | Create | Villager (Male) |
| 16:54 | Create | Skirmisher |
| 16:58 | Build | Archery Range |
| 17:01 | Create | Villager (Male) |
| 17:02 | Build | Farm |
| 17:03 | Build | Farm |
| 17:05 | Build | Farm |
| 17:05 | Build | Farm |
| 17:16 | Create | Skirmisher |
| 17:25 | Build | Farm |
| 17:27 | Research | Padded Archer Armor |
| 17:31 | Create | Villager (Male) |
| 17:33 | Build | Watch Tower |
| 17:44 | Build | Farm |
| 17:44 | Create | Villager (Male) |
| 17:53 | Create | Villager (Male) |
| 18:15 | Create | Villager (Male) |
| 18:20 | Create | Skirmisher |
| 18:21 | Create | Scout Cavalry |
| 18:22 | Create | Scout Cavalry |
| 18:24 | Create | Skirmisher |
| 18:34 | Create | Skirmisher |
| 18:51 | Create | Skirmisher |
| 18:53 | Create | Villager (Male) |
| 18:58 | Build | Watch Tower |
| 19:01 | Create | Skirmisher |
| 19:04 | Create | Scout Cavalry |
| 19:07 | Create | Skirmisher |
| 19:17 | Build | Palisade Wall |
| 19:18 | Build | Palisade Wall |
| 19:18 | Build | Palisade Wall |
| 19:19 | Build | Palisade Wall |
| 19:19 | Build | Palisade Wall |
| 19:27 | Create | Skirmisher |
| 19:31 | Create | Villager (Male) |
| 19:41 | Create | Skirmisher |
| 19:49 | Create | Skirmisher |
| 20:01 | Build | Mining Camp |
| 20:01 | Create | Villager (Male) |
| 20:06 | Create | Skirmisher |
| 20:10 | Create | Skirmisher |
| 20:17 | Create | Scout Cavalry |
| 20:18 | Create | Scout Cavalry |
| 20:33 | Create | Skirmisher |
| 20:36 | Create | Villager (Male) |
| 20:44 | Create | Villager (Male) |
| 20:53 | Create | Villager (Male) |
| 20:55 | Build | Market |
| 21:01 | Build | Market |
| 21:14 | Build | Lumber Camp |
| 21:29 | Build | Farm |
| 21:31 | Build | Farm |
| 21:31 | Build | Farm |
| 21:31 | Build | Farm |
| 21:32 | Build | Farm |
| 21:32 | Build | Farm |
Build order — Oni.JorDan_AoE
First 150 of 626 actions detected
| 0:01 | Create | Villager (Male) |
| 0:01 | Create | Villager (Male) |
| 0:01 | Create | Villager (Male) |
| 0:01 | Create | Villager (Male) |
| 0:01 | Create | Villager (Male) |
| 0:02 | Build | House |
| 0:04 | Build | House |
| 1:31 | Create | Villager (Male) |
| 1:31 | Create | Villager (Male) |
| 1:31 | Create | Villager (Male) |
| 1:31 | Create | Villager (Male) |
| 1:31 | Create | Villager (Male) |
| 1:53 | Build | Settlement |
| 1:56 | Create | Villager (Male) |
| 1:56 | Create | Villager (Male) |
| 2:24 | Create | Villager (Male) |
| 2:24 | Create | Villager (Male) |
| 2:54 | Create | Villager (Male) |
| 2:54 | Create | Villager (Male) |
| 2:54 | Create | Villager (Male) |
| 2:54 | Create | Villager (Male) |
| 2:54 | Create | Villager (Male) |
| 3:16 | Create | Villager (Male) |
| 3:16 | Create | Villager (Male) |
| 3:16 | Create | Villager (Male) |
| 3:16 | Create | Villager (Male) |
| 3:16 | Create | Villager (Male) |
| 3:37 | Create | Villager (Male) |
| 3:37 | Create | Villager (Male) |
| 4:05 | Create | Villager (Male) |
| 4:05 | Create | Villager (Male) |
| 4:10 | Build | Settlement |
| 4:29 | Create | Villager (Male) |
| 4:29 | Create | Villager (Male) |
| 4:29 | Create | Villager (Male) |
| 4:47 | Create | Villager (Male) |
| 4:47 | Create | Villager (Male) |
| 4:47 | Create | Villager (Male) |
| 4:47 | Create | Villager (Male) |
| 4:47 | Create | Villager (Male) |
| 4:47 | Create | Villager (Male) |
| 5:13 | Create | Villager (Male) |
| 5:26 | Create | Villager (Male) |
| 5:31 | Build | Palisade Gate |
| 5:54 | Build | Palisade Gate |
| 5:58 | Build | House |
| 5:59 | Build | Palisade Wall |
| 6:02 | Create | Villager (Male) |
| 6:05 | Build | Palisade Wall |
| 6:10 | Build | Palisade Wall |
| 6:11 | Build | Palisade Wall |
| 6:18 | Build | Palisade Wall |
| 6:31 | Create | Villager (Male) |
| 6:52 | Create | Villager (Male) |
| 7:21 | Create | Villager (Male) |
| 7:23 | Research | Loom |
| 7:30 | Build | Settlement |
| 7:48 | Research | Feudal Age |
| 7:52 | Build | Palisade Wall |
| 9:14 | Build | Barracks |
| 10:17 | Create | Villager (Male) |
| 10:31 | Age | Feudal Age |
| 10:33 | Build | Archery Range |
| 10:35 | Create | Spearman |
| 10:49 | Research | Town Watch |
| 11:16 | Create | Villager (Male) |
| 11:33 | Build | Market |
| 11:42 | Build | Palisade Wall |
| 11:45 | Build | Palisade Wall |
| 11:46 | Build | Palisade Wall |
| 11:48 | Create | Villager (Male) |
| 11:57 | Build | Palisade Wall |
| 11:58 | Build | Palisade Wall |
| 12:04 | Build | Palisade Wall |
| 12:17 | Research | Castle Age |
| 12:48 | Research | Double-Bit Axe |
| 12:48 | Research | Double-Bit Axe |
| 12:52 | Create | Spearman |
| 12:52 | Create | Spearman |
| 12:56 | Build | Palisade Wall |
| 12:58 | Build | Palisade Wall |
| 13:00 | Build | Palisade Wall |
| 13:10 | Build | Farm |
| 13:18 | Create | Spearman |
| 13:40 | Create | Spearman |
| 13:44 | Create | Villager (Male) |
| 13:45 | Build | Farm |
| 14:27 | Build | Farm |
| 14:29 | Create | Villager (Male) |
| 14:45 | Build | Palisade Wall |
| 14:57 | Age | Castle Age |
| 15:00 | Create | Bolas Rider |
| 15:02 | Create | Villager (Male) |
| 15:04 | Create | Unit 2550 |
| 15:13 | Create | Villager (Male) |
| 15:22 | Build | Palisade Wall |
| 15:24 | Build | Palisade Wall |
| 15:25 | Build | Palisade Wall |
| 15:29 | Create | Bolas Rider |
| 15:33 | Build | House |
| 15:42 | Create | Villager (Male) |
| 15:53 | Create | Villager (Male) |
| 15:59 | Build | Settlement |
| 16:02 | Build | House |
| 16:09 | Create | Bolas Rider |
| 16:09 | Create | Bolas Rider |
| 16:15 | Create | Villager (Male) |
| 16:36 | Create | Bolas Rider |
| 16:38 | Create | Villager (Male) |
| 16:53 | Create | Villager (Male) |
| 17:20 | Create | Villager (Male) |
| 17:21 | Create | Villager (Male) |
| 17:37 | Build | Palisade Wall |
| 17:38 | Build | Palisade Wall |
| 17:48 | Build | Blacksmith |
| 18:01 | Create | Villager (Male) |
| 18:28 | Create | Bolas Rider |
| 18:35 | Research | Fletching |
| 18:37 | Build | Farm |
| 18:54 | Create | Villager (Male) |
| 18:58 | Build | Farm |
| 19:02 | Create | Bolas Rider |
| 19:09 | Build | Archery Range |
| 19:11 | Create | Bolas Rider |
| 19:27 | Create | Villager (Male) |
| 19:30 | Create | Bolas Rider |
| 19:42 | Create | Bolas Rider |
| 20:06 | Build | Archery Range |
| 20:09 | Build | Settlement |
| 20:17 | Create | Bolas Rider |
| 20:17 | Create | Bolas Rider |
| 20:17 | Create | Bolas Rider |
| 20:23 | Create | Villager (Male) |
| 20:25 | Build | Farm |
| 20:42 | Create | Villager (Male) |
| 20:42 | Create | Villager (Male) |
| 20:42 | Create | Villager (Male) |
| 20:52 | Build | Farm |
| 20:56 | Create | Unit 2550 |
| 21:05 | Create | Villager (Male) |
| 21:21 | Build | Farm |
| 21:30 | Create | Villager (Male) |
| 21:34 | Build | Siege Workshop |
| 21:43 | Build | Farm |
| 22:01 | Create | Unit 2550 |
| 22:28 | Create | Mangonel |
| 22:32 | Create | Villager (Male) |
| 22:32 | Create | Villager (Male) |
| 22:48 | Create | Villager (Male) |
| 22:58 | Create | Unit 2550 |
Match timeline
| 5:59 | Oni.JorDan_AoE · wall_segment Palisade Wall x1 |
| 6:05 | Oni.JorDan_AoE · wall_segment Palisade Wall x1 |
| 6:10 | Oni.JorDan_AoE · wall_segment Palisade Wall x1 |
| 6:11 | Oni.JorDan_AoE · wall_segment Palisade Wall x1 |
| 6:18 | Oni.JorDan_AoE · wall_segment Palisade Wall x1 |
| 7:37 | CNZS_Still in Love · first_building Barracks |
| 7:52 | Oni.JorDan_AoE · wall_segment Palisade Wall x1 |
| 8:16 | CNZS_Still in Love · wall_segment Palisade Wall x1 |
| 8:18 | CNZS_Still in Love · wall_segment Palisade Wall x1 |
| 8:31 | CNZS_Still in Love · wall_segment Palisade Wall x1 |
| 8:34 | CNZS_Still in Love · wall_segment Palisade Wall x1 |
| 8:47 | CNZS_Still in Love · wall_segment Palisade Wall x1 |
| 8:48 | CNZS_Still in Love · wall_segment Palisade Wall x1 |
| 9:03 | CNZS_Still in Love · wall_segment Palisade Wall x1 |
| 9:04 | CNZS_Still in Love · wall_segment Palisade Wall x1 |
| 9:06 | CNZS_Still in Love · wall_segment Palisade Wall x1 |
| 9:14 | Oni.JorDan_AoE · first_building Barracks |
| 9:16 | CNZS_Still in Love · age_up feudal |
| 9:27 | CNZS_Still in Love · first_building Stable |
| 10:31 | Oni.JorDan_AoE · age_up feudal |
| 10:33 | Oni.JorDan_AoE · first_building Archery Range |
| 11:20 | CNZS_Still in Love · first_building Archery Range |
| 11:42 | Oni.JorDan_AoE · wall_segment Palisade Wall x1 |
| 11:45 | Oni.JorDan_AoE · wall_segment Palisade Wall x1 |
| 11:46 | Oni.JorDan_AoE · wall_segment Palisade Wall x1 |
| 11:57 | Oni.JorDan_AoE · wall_segment Palisade Wall x1 |
| 11:58 | Oni.JorDan_AoE · wall_segment Palisade Wall x1 |
| 12:04 | Oni.JorDan_AoE · wall_segment Palisade Wall x1 |
| 12:56 | Oni.JorDan_AoE · wall_segment Palisade Wall x1 |
| 12:58 | Oni.JorDan_AoE · wall_segment Palisade Wall x1 |
| 13:00 | Oni.JorDan_AoE · wall_segment Palisade Wall x1 |
| 13:56 | CNZS_Still in Love · wall_segment Palisade Wall x1 |
| 13:57 | CNZS_Still in Love · wall_segment Palisade Wall x1 |
| 13:59 | CNZS_Still in Love · wall_segment Palisade Wall x1 |
| 14:00 | CNZS_Still in Love · wall_segment Palisade Wall x1 |
| 14:02 | CNZS_Still in Love · wall_segment Palisade Wall x1 |
| 14:45 | Oni.JorDan_AoE · wall_segment Palisade Wall x1 |
| 14:57 | Oni.JorDan_AoE · age_up castle |
| 15:22 | Oni.JorDan_AoE · wall_segment Palisade Wall x1 |
| 15:24 | Oni.JorDan_AoE · wall_segment Palisade Wall x1 |
| 15:25 | Oni.JorDan_AoE · wall_segment Palisade Wall x1 |
| 17:37 | Oni.JorDan_AoE · wall_segment Palisade Wall x1 |
| 17:38 | Oni.JorDan_AoE · wall_segment Palisade Wall x1 |
| 19:17 | CNZS_Still in Love · wall_segment Palisade Wall x1 |
| 19:18 | CNZS_Still in Love · wall_segment Palisade Wall x1 |
| 19:18 | CNZS_Still in Love · wall_segment Palisade Wall x1 |
| 19:19 | CNZS_Still in Love · wall_segment Palisade Wall x1 |
| 19:19 | CNZS_Still in Love · wall_segment Palisade Wall x1 |
| 20:56 | Oni.JorDan_AoE · first_market_sell 100 wood |
| 21:34 | Oni.JorDan_AoE · first_building Siege Workshop |
| 22:16 | CNZS_Still in Love · wall_segment Palisade Wall x1 |
| 22:57 | CNZS_Still in Love · first_market_sell 100 wood |
| 24:34 | Oni.JorDan_AoE · first_market_buy 100 wood |
| 25:12 | CNZS_Still in Love · first_market_buy 100 food |
| 30:02 | CNZS_Still in Love · age_up castle |
| 30:05 | CNZS_Still in Love · first_building Siege Workshop |
| 41:46 | Oni.JorDan_AoE · first_building Castle |
| 42:43 | Oni.JorDan_AoE · first_building Monastery |
| 43:18 | CNZS_Still in Love · first_building Castle |
| 48:38 | CNZS_Still in Love · age_up imperial |
| 49:44 | Oni.JorDan_AoE · wall_segment Stone Wall x17 |
| 50:17 | CNZS_Still in Love · first_building Monastery |
| 52:47 | Oni.JorDan_AoE · wall_segment Stone Wall x1 |
| 53:26 | Oni.JorDan_AoE · age_up imperial |
| 57:30 | Oni.JorDan_AoE · resign |
[ AI ANALYSIS · 1 CREDIT ]
What really happened in this match?
Wolo.gg analyzes every decision: build order, eco, micro, common mistakes by bracket. Personalized analysis on WhatsApp or Discord in 30 seconds.
Civ guide
Huns
Perfil
Jugador #20566459